 Dungeon Crawl Stone Soup version 0.18.1-50-g88ac8fd (webtiles) character file.

292 lorenzova the Ruffian (level 6, -8/59 HPs)
             Began as a Troll Monk on Oct 12, 2016.
             Killed by nerve-wracking pain
             ... invoked by Grinder
              (11 damage)
             ... while paralysed by Grinder
             ... on level 4 of the Dungeon.
             The game lasted 00:06:05 (2470 turns).

lorenzova the Ruffian (Troll Monk)                  Turns: 2470, Time: 00:06:06

Health: -8/59      AC:  6    Str: 21    XL:     6   Next: 10%
Magic:  5/5        EV:  1    Int:  6    God:
Gold:   198        SH:  0    Dex: 13    Spells: 0 memorised, 5 levels left

rFire  + . .     SeeInvis .       - Unarmed
rCold  . . .     Gourm    +     a - +0 robe
rNeg   . . .     Faith    .     (no shield)
rPois  .         Spirit   .     (helmet restricted)
rElec  .         Dismiss  .     w - +0 cloak
rCorr  .         Reflect  .     (gloves unavailable)
SustAt .         Harm     .     (boots unavailable)
MR     .....                    (no amulet)
Stlth  +.........               (no ring)
                                l - ring of protection from fire

@: paralysed, not resistant to hostile enchantments, very unstealthy
A: unfitting armour, claws 3, fast metabolism 3, gourmand, regeneration 2,
shaggy fur 1, tough skin 2
a: no special abilities


You were on level 4 of the Dungeon.
You were full.

You visited 1 branch of the dungeon, and saw 4 of its levels.

You collected 198 gold pieces.

Inventory:

Missiles
 c - 97 stones (quivered)
Armour
 a - a +0 robe (worn)
 w - a +0 cloak (worn)
Jewellery
 l - a ring of protection from fire (left claw)
Wands
 v - a wand of polymorph (12/24)
Scrolls
 e - a scroll of remove curse {unknown}
 f - 2 scrolls of amnesia {unknown}
 m - 4 scrolls of identify
 s - 3 scrolls of noise {unknown}
 u - a scroll of random uselessness {unknown}
Potions
 d - a potion of experience {unknown}
 g - 2 potions of flight {unknown}
 h - a potion of cancellation {unknown}
 n - 2 potions of cure mutation {unknown}
 o - 2 potions of heal wounds {unknown}
 p - 2 potions of curing {unknown}
 q - a potion of berserk rage {unknown}
 r - a potion of brilliance {unknown}
 t - a potion of ambrosia {unknown}
Comestibles
 b - 3 bread rations
 i - a royal jelly
 j - a beef jerky
 k - 3 meat rations


   Skills:
 - Level 2.4 Fighting
 * Level 4.8 Dodging
 - Level 1.1 Stealth
 + Level 5.4 Unarmed Combat


You had 5 spell levels left.
You didn't know any spells.

Dungeon Overview and Level Annotations

Branches:
Dungeon (4/15)
 Temple: D:4-7

Altars:
Trog
Vehumet

Annotations:
D:4 Grinder


Innate Abilities, Weirdness & Mutations

You are too large for most types of armour.
You have claws for hands.
Your metabolism is lightning-fast.
You like to eat raw meat.
You heal very quickly.
You are covered in fur (AC +1).
You have very tough skin (AC +2).


Message History

Pain shoots through your body!
You scratch Grinder but do no damage.
Grinder is severely wounded.
Grinder hits you but does no damage.
You barely miss Grinder.
Grinder is severely wounded.
Grinder gestures at you.
You suddenly lose the ability to move!
Grinder hits you.
You writhe in agony.
Grinder hits you but does no damage. Grinder hits you.
* * * LOW HITPOINT WARNING * * *
You writhe in agony.
* * * LOW HITPOINT WARNING * * *
Grinder hits you!
* * * LOW HITPOINT WARNING * * *
You writhe in agony. x2
Grinder gestures at you. Pain shoots through your body!
You die...

......#....'[..#
.....#....##'######
#...#....#..#....#
##...#....#..'....#
#....#....#..#....#
#....'....#..#....#
.#+###+###....##+##'###
............<.....#...#
.......@..........'...#
......5...####....#####
.?........# #........#
.##+####### #........#
####........#
............#
............#
........##'##
........#...#


You could see Grinder.

Vanquished Creatures
  Crazy Yiuf (D:4)
  An orc priest (D:3)
  A worker ant (D:4)
  4 adders
  8 gnolls
  An ooze (D:1)
  5 worms
  A dart slug (D:1)
  A giant gecko (D:3)
  7 orcs
  2 giant cockroaches
  3 goblins
  6 hobgoblins
  10 jackals
  A quokka (D:3)
  6 bats
  4 giant newts
  7 kobolds
  12 rats
81 creatures vanquished.

Notes
Turn   | Place    | Note
--------------------------------------------------------------
     0 | D:1      | lorenzova the Troll Monk began the quest for the Orb.
     0 | D:1      | Reached XP level 1. HP: 22/22 MP: 0/0
    71 | D:1      | Reached XP level 2. HP: 25/29 MP: 1/1
   281 | D:1      | Reached XP level 3. HP: 33/36 MP: 2/2
   721 | D:2      | Reached XP level 4. HP: 44/44 MP: 3/3
   875 | D:2      | Found a radiant altar of Vehumet.
  1279 | D:2      | Reached XP level 5. HP: 49/50 MP: 4/4
  1315 | D:2      | Noticed a moth of wrath
  1318 | D:2      | Found a bloodstained altar of Trog.
  1829 | D:3      | Reached skill level 5 in Unarmed Combat
  2350 | D:4      | Noticed Crazy Yiuf
  2356 | D:4      | Killed Crazy Yiuf
  2356 | D:4      | Reached XP level 6. HP: 45/59 MP: 5/5
  2450 | D:4      | Noticed Grinder
  2456 | D:4      | Paralysed by Grinder for 3 turns
  2465 | D:4      | Paralysed by Grinder for 7 turns
  2470 | D:4      | Killed from afar by Grinder

Skill      XL: |  1  2  3  4  5 |
---------------+----------------+-----
Dodging        | 3 4 |  4.8
Unarmed Combat | 5 |  5.4
Fighting       | |  2.4
Stealth        | |  1.1

Action                   |  1- 3 |  4- 6 || total
-------------------------+-------+-------++-------
Melee: Unarmed           |    70 |   153 ||   223
       Punch             |       |     4 ||     4
  Use: Scroll            |       |     1 ||     1
 Stab: Sleeping          |     2 |     2 ||     4
       Distracted        |       |     2 ||     2
  Eat: Chunk             |     9 |    16 ||    25
Armor: Robe              |    27 |    41 ||    68
Dodge: Dodged            |    41 |    74 ||   115
